 Dungeon Crawl Stone Soup version 0.26.0-45-g9c1d065592 (webtiles) character file.

Game seed: 2509072176264062835

2962 kaeus the Geomancer (level 9, -6/48 HPs)
             Began as a Gargoyle Earth Elementalist on Jan 29, 2021.
             Was a Priest of Vehumet.
             Mangled by a death yak (23 damage)
             ... on level 8 of the Dungeon.
             The game lasted 00:20:00 (9013 turns).

kaeus the Geomancer (Gargoyle Earth Elementalist)   Turns: 9013, Time: 00:20:01

Health: -6/48      AC: 11    Str: 12    XL:     9   Next: 81%
Magic:  10/19      EV: 12    Int: 25    God:    Vehumet [***...]
Gold:   564        SH:  5    Dex: 10    Spells: 8/22 levels left

rFire    . . .     SeeInvis .   q - +3 hand axe (elec)
rCold    + . .     Faith    .   (no shield)
rNeg     + . .     Spirit   .   c - +0 robe
rPois    ∞         Reflect  +   a - +1 hat
rElec    +         Harm     .   n - +0 cloak
rCorr    .         Rampage  .   e - +0 pair of gloves
Will     .....                  (no boots)
Stlth    ++........             z - amulet of reflection
HPRegen  0.16/turn              v - ring of protection from cold
MPRegen  0.16/turn              A - +6 ring of intelligence

@: no status effects
A: negative energy resistance 1, electricity resistance, unbreathing,
petrification resistance, miasma immunity, AC +6
a: Renounce Religion


You were on level 8 of the Dungeon.
You worshipped Vehumet.
Vehumet was most pleased with you.
You visited 1 branch of the dungeon, and saw 8 of its levels.

You collected 564 gold pieces.

Inventory:

Hand Weapons
 q - a +3 hand axe of electrocution (weapon)
 C - a +1 mace of draining
Missiles
 b - 235 stones
 D - 16 poisoned darts
Armour
 a - a +1 hat (worn)
 c - a +0 robe (worn)
 e - a +0 pair of gloves (worn)
 n - a +0 cloak (worn)
Magical Staves
 B - an uncursed staff of death
Jewellery
 v - a ring of protection from cold (left hand)
 z - an amulet of reflection (around neck)
 A - a +6 ring of intelligence (right hand)
Wands
 w - a wand of iceblast (11)
 y - a wand of digging (1)
Scrolls
 k - 6 scrolls of teleportation
 m - 3 scrolls of identify
 o - 6 scrolls of remove curse
 t - a scroll of blinking
 x - a scroll of enchant weapon
 E - a scroll of magic mapping
 F - a scroll of immolation {unknown}
Potions
 d - 5 potions of heal wounds {unknown}
 f - 5 potions of attraction {unknown}
 g - 2 potions of degeneration {unknown}
 h - 3 potions of haste {unknown}
 i - 4 potions of flight {unknown}
 j - a potion of berserk rage {unknown}
 l - 4 potions of curing {unknown}
 p - a potion of mutation {unknown}
 r - 2 potions of cancellation {unknown}
 s - 2 potions of brilliance {unknown}
 u - a potion of ambrosia {unknown}
 G - a potion of invisibility {unknown}
 H - a potion of lignification {unknown}


   Skills:
 + Level 2.0 Fighting
 + Level 1.7 Staves
 + Level 2.0 Armour
 + Level 2.3 Dodging
 - Level 2.2 Stealth
 + Level 7.1 Spellcasting
 + Level 7.1 Conjurations
 + Level 0.2 Necromancy
 - Level 0.8 Transmutations
 + Level 9.7 Earth Magic


You had 8 spell levels left.
You knew the following spells:

 Your Spells              Type           Power        Failure   Level
a - Sandblast             Erth           100%         1%          1
b - Stone Arrow           Conj/Erth      100%         1%          3
c - Passwall              Tmut/Erth      29%          1%          2
d - Lee's Rapid Deconstr  Erth           27%          1%          5
e - Conjure Flame         Conj/Fire      26%          1%          3

Your spell library contained the following spells:

 Spells                   Type           Power        Failure   Level
 Inner Flame              Hex/Fire       8%           5%          3
 Magic Dart               Conj           100%         1%          1
 Mephitic Cloud           Conj/Pois/Air  20%          2%          3
 Corona                   Hex            8%           7%          1
 Petrify                  Tmut/Erth      35%          8%          4
 Leda's Liquefaction      Hex/Erth       16%          9%          4
 Blink                    Tloc           N/A          10%         2
 Call Imp                 Summ           8%           10%         2
 Slow                     Hex            8%           10%         2
 Swiftness                Air            8%           10%         2
 Portal Projectile        Hex/Tloc       16%          21%         3
 Cause Fear               Hex            4%           54%         4
 Passage of Golubria      Tloc           N/A          54%         4
 Invisibility             Hex            8%           100%        6


Dungeon Overview and Level Annotations

Branches:
Dungeon (8/15)             Temple (0/1) D:5
   Lair: D:8-11

Altars:
Cheibriados
Gozag
Hepliaklqana
Kikubaaqudgha
Okawaru
Qazlal
Ru
Sif Muna
Uskayaw
Vehumet
The Shining One

Shops:
D:5 :


Innate Abilities, Weirdness & Mutations

You are resistant to torment.
Your stone body is resilient. (AC +6)
You are immune to poison.
You resist negative energy. (rN+)
You are resistant to electric shocks. (rElec)
You can survive without breathing.
You are immune to petrification.
You are immune to miasma.


Message History

You smother the flame.
You take 24 damage, and have 24/48 hp.
MASSIVE DAMAGE!!
The death yak snorts and paws the ground.
The death yak snorts and paws the ground.
The death yak gores you!
You take 10 damage, and have 15/48 hp.
MASSIVE DAMAGE!!
Casting: Conjure Flame (safe; 1% risk of failure)
Confirm with . or Enter, or press ? or * to list all spells.
Aiming: Passwall (safe; 1% risk of failure)
Press: ? - help, Dir - move target, p - death yak A rock wall.
This rock feels extremely deep.
The death yak misses you.
You now have 12/19 mp.
Casting: Passwall (safe; 1% risk of failure)
Confirm with . or Enter, or press ? or * to list all spells.
Aiming: Passwall (safe; 1% risk of failure)
Press: ? - help, Dir - move target A rock wall.
The death yak gores you!!
You die...

..# . #.#..........#
..# #Y#..........#
..# #Y#..........#
..# #.#..........#
..# #.#..........#
..# #.#...)......#
..# #.Y..........#
..#
..##########Y########
..# .......@YYY..#
..# ..############
>.##.# .......
#######


You could see 3 death yaks and a yak.

Vanquished Creatures
  Pikel (D:5)
  An orc warrior (D:7)
  An ice beast (D:5)
  4 sky beasts
  2 ogres (D:4)
  A centaur (D:5)
  2 lemures (D:5)
  4 bullfrogs
  A scorpion (D:7)
  A wight (D:6)
  5 howler monkeys
  3 electric eels (D:7)
  A bullfrog zombie (D:7)
  3 hounds
  A bullfrog skeleton (D:8)
  6 orc priests
  A centaur skeleton (D:5)
  4 orc wizards
  Terence (D:2)
  2 iguanas
  7 worker ants
  9 gnolls
  A howler monkey skeleton (D:5)
  A worker ant zombie (D:7)
  7 adders
  2 shadow imps (D:6)
  A white imp (D:5)
  2 ufetubi (D:5)
  An adder zombie (D:5)
  2 adder skeletons
  6 worms
  A dart slug (D:3)
  5 leopard geckos
  16 orcs
  7 bats
  9 giant cockroaches
  7 goblins
  9 hobgoblins
  9 jackals
  7 kobolds
  4 quokkas
  2 frilled lizards
  A leopard gecko skeleton (D:5)
  14 rats
175 creatures vanquished.

Vanquished Creatures (others)
  An adder (D:7)
  A white imp (D:7)
  3 plants (D:3)
5 creatures vanquished.

Grand Total: 180 creatures vanquished

Notes
Turn   | Place    | Note
-------+----------+-------------------------------------------
     0 | D:1      | kaeus the Gargoyle Earth Elementalist began the quest for
                  | the Orb.
     0 | D:1      | Reached XP level 1. HP: 10/10 MP: 3/3
   202 | D:1      | Reached XP level 2. HP: 15/15 MP: 3/5
   285 | D:1      | Reached skill level 4 in Earth Magic
   710 | D:1      | Reached XP level 3. HP: 19/19 MP: 4/6
  1095 | D:2      | Learned a level 3 spell: Stone Arrow
  1290 | D:2      | Found a shimmering blue altar of Sif Muna.
  1291 | D:2      | Found an ancient bone altar of Kikubaaqudgha.
  1291 | D:2      | Found a radiant altar of Vehumet.
  1297 | D:2      | Identified Vehumet's Papyrus of Arcane Weapons
  1300 | D:2      | Became a worshipper of Vehumet
  1580 | D:2      | Reached XP level 4. HP: 8/24 MP: 0/8
  1900 | D:2      | Noticed Terence
  1912 | D:2      | Killed Terence
  2012 | D:2      | Reached skill level 5 in Earth Magic
  2340 | D:2      | Found a hazy altar of Hepliaklqana.
  2393 | D:3      | Reached * piety under Vehumet
  2393 | D:3      | Offered knowledge of Shock by Vehumet.
  2776 | D:3      | Reached XP level 5. HP: 28/28 MP: 8/10
  3225 | D:3      | Found a faded altar of an unknown god.
  3351 | D:4      | Found an iron altar of Okawaru.
  3398 | D:4      | Found a sacrificial altar of Ru.
  3402 | D:4      | Reached skill level 1 in Conjurations
  3446 | D:4      | Reached XP level 6. HP: 15/32 MP: 9/11
  3565 | D:4      | Reached skill level 6 in Earth Magic
  3874 | D:4      | Reached XP level 7. HP: 36/36 MP: 8/13
  4419 | D:4      | Learned a level 2 spell: Passwall
  4603 | D:5      | Entered Level 5 of the Dungeon
  4628 | D:5      | Reached skill level 7 in Earth Magic
  4633 | D:5      | Reached skill level 5 in Spellcasting
  4711 | D:5      | Found a glowing golden altar of the Shining One.
  4766 | D:5      | Reached ** piety under Vehumet
  4766 | D:5      | Offered knowledge of Foxfire by Vehumet.
  4772 | D:5      | Reached XP level 8. HP: 27/41 MP: 3/16
  5115 | D:5      | Reached skill level 5 in Conjurations
  5337 | D:5      | Found a staircase to the Ecumenical Temple.
  5433 | D:5      | Reached skill level 8 in Earth Magic
  5856 | D:5      | Found Odiqilop's Book Emporium.
  5871 | D:5      | Learned a level 5 spell: Lee's Rapid Deconstruction
  6308 | D:6      | Noticed Pikel
  6687 | D:5      | Killed Pikel
  6688 | D:5      | Reached XP level 9. HP: 37/45 MP: 3/18
  6785 | D:6      | Reached skill level 9 in Earth Magic
  7146 | D:6      | Offered knowledge of Frozen Ramparts by Vehumet.
  7448 | D:6      | Reached *** piety under Vehumet
  7564 | D:6      | Found a snail-covered altar of Cheibriados.
  7704 | D:7      | Offered knowledge of Inner Flame by Vehumet.
  7705 | D:7      | Reached skill level 1 in Fighting
  7934 | D:7      | Reached skill level 1 in Armour
  7938 | D:7      | Reached skill level 1 in Staves
  8079 | D:7      | Found an opulent altar of Gozag.
  8260 | D:7      | Found a hide-covered altar of Uskayaw.
  8321 | D:7      | Found a stormy altar of Qazlal.
  8553 | D:7      | Learned a level 3 spell: Conjure Flame
  8986 | D:8      | Noticed a death yak
  8986 | D:8      | Noticed a death yak
  8991 | D:8      | Noticed a death yak
  9013 | D:8      | Mangled by a death yak

Illustrated notes

Levels and vault maps discovered:
D:1:      saegor_arrival_miasma, layout_loops_cross, supply_closet_lemuel,
          chequers_serial_rivers_small_3
D:2:      layout_loops_ring, grunt_temple_overflow_magic_moments,
          lemuel_coloured_pillars_altar, chequers_garden, hex_medium,
          minmay_pentomino_z4, uniq_terence
D:3:      layout_basic, chequers_ecumenical_altar_lobes,
          minmay_misc_feat_secret_circle
D:4:      layout_gridville, lemuel_crystal_altar,
          nicolae_ru_sacrificial_ziggurat, grunt_ministairs_1, minmay_surrounded
D:5:      layout_loops_corners, minmay_temple_entry_fiery, serial_shops, shop,
          cheibrodos_sewer_entry_sluice, tso_metal_star
D:6:      layout_loops_ring, cheibrodos_worm_habitat, uniq_pikel
D:7:      kennysheep_big_flooded_room, layout_rooms, marbit_many_paths,
          kennysheep_mini, kennysheep_mini_moat
D:8:      layout_basic, dpeg_lair_monsters

Skill      XL: |  1  2  3  4  5  6  7  8  9 |
---------------+----------------------------+-----
Earth Magic    | 4 5 6 7 8 9 |  9.7
Spellcasting   | 3 4 5 6 7 |  7.1
Conjurations   | 1 2 4 6 7 |  7.1
Fighting       | 2 |  2.0
Armour         | 2 |  2.0
Staves         | 1 |  1.7
Dodging        | 2 |  2.3
Stealth        | |  2.2
Necromancy     | |  0.2
Transmutations | |  0.8

Action                   |  1- 3 |  4- 6 |  7- 9 || total
-------------------------+-------+-------+-------++-------
Melee: Hand axe          |    46 |    45 |   104 ||   195
       Unarmed           |     3 |       |       ||     3
 Cast: Sandblast         |    50 |    52 |    13 ||   115
       Stone Arrow       |       |       |    82 ||    82
       Passwall          |       |       |     5 ||     5
       Lee's Rapid Decon |       |       |    15 ||    15
       Conjure Flame     |       |       |     1 ||     1
  Use: Scroll            |     3 |       |     4 ||     7
Armor: Robe              |    38 |    20 |    68 ||   126
Dodge: Dodged            |    53 |    39 |    81 ||   173
Block: Other             |       |       |     7 ||     7
